 Dungeon Crawl Stone Soup version 0.27-a0-1548-gf8a67e7463 (webtiles) character file.

Game seed: 18263236324565340575

9 robertstho the Skirmisher (level 2, 0/27 HPs)
             Began as a Minotaur Berserker on July 13, 2021.
             Was a Follower of Trog.
             Slain by a quokka (4 damage)
             ... on level 1 of the Dungeon.
             The game lasted 00:00:28 (65 turns).

robertstho the Skirmisher (Minotaur Berserker)        Turns: 65, Time: 00:00:29

Health: 0/27       AC:  2    Str: 21    XL:     2   Next: 6%
Magic:  1/1        EV: 12    Int:  4    God:    Trog [*.....]
Gold:   0          SH:  0    Dex:  9    Spells: 1/1 levels left

rFire    . . .     SeeInvis .   a - +0 hand axe
rCold    . . .     Faith    .   (no shield)
rNeg     . . .     Spirit   .   b - +0 animal skin
rPois    .         Reflect  .   (helmet restricted)
rElec    .         Harm     .   (no cloak)
rCorr    .         Rampage  .   (no gloves)
Will     .....                  (no boots)
Stlth    +.........             (no amulet)
HPRegen  0.09/turn              (no ring)
MPRegen  0.07/turn              (no ring)

@: on berserk cooldown, slowed, very slow
A: horns 2, retaliatory headbutt
a: Renounce Religion, Berserk


You were on level 1 of the Dungeon.
You worshipped Trog.
Trog was aware of your devotion.
You visited 1 branch of the dungeon, and saw 1 of its levels.

Inventory:

Hand Weapons
 a - a +0 hand axe (weapon)
Armour
 b - a +0 animal skin (worn)


   Skills:
 * Level 4.0 Fighting
 + Level 3.8 Axes
 * Level 2.5 Armour
 + Level 2.2 Dodging
 * Level 0.2 Stealth


You had one spell level left.
You didn't know any spells.
Your spell library was empty.

Dungeon Overview and Level Annotations

Branches:
Dungeon (1/15)

Altars:


Innate Abilities, Weirdness & Mutations

You have a pair of horns on your head.
You reflexively headbutt those who attack you in melee.


Message History

* * * LOW HITPOINT WARNING * * *
The frilled lizard misses you. You furiously retaliate!
You headbutt the frilled lizard!
You kill the frilled lizard!
Trog accepts your kill.
Items here: ) †††.
You closely miss the jackal. You barely miss the kobold.
The kobold completely misses you. The jackal misses you.
You furiously retaliate!
You headbutt the jackal!
You kill the jackal!
Trog accepts your kill.
Your Fighting skill increases to level 4!
Unknown command.
You slash the endoplasm!
You kill the endoplasm!
Trog accepts your kill.
You miss the kobold. The kobold barely misses you. You furiously retaliate!
You headbutt the kobold, but do no damage.
You have reached level 2!
You closely miss the kobold. Your headbutt misses the kobold.
You closely miss the kobold. You headbutt the kobold.
You kill the kobold!
Trog accepts your kill.
Things that are here:
a +0 whip; 5 stones; a kobold corpse You feel a strong urge to attack something.
Things that are here:
a +0 club; a kobold corpse
Items here: ) †††.
You feel your anger nearly subside.
You are no longer berserk.
You are exhausted.
You feel yourself slow down.
You start resting.
A quokka comes into view.
A quokka is nearby!
Okay, then.
You miss the quokka. You headbutt the quokka.
The quokka is almost dead.
The quokka closely misses you. The quokka bites you.
You die...

###+### . ######
####.....# ..
##....####..)†....#...
#......##...))†.......
##..##..##.r##..##..###
#.<..#.@##..##...#.#.#.
#....#.r##..##...###$##
##..##..##..####.#.!⌠?.
...##......# ..##:##
...####....## ...#.#.
#### ###### .####..
.#..... .......


You could see a quokka.

Vanquished Creatures
  An endoplasm (D:1)
  A hobgoblin (D:1)
  A jackal (D:1)
  A quokka (D:1)
  A frilled lizard (D:1)
  A goblin (D:1)
  2 kobolds (D:1)
  A rat (D:1)
9 creatures vanquished.

Notes
Turn   | Place    | Note
-------+----------+-------------------------------------------
     0 | D:1      | robertstho the Minotaur Berserker began the quest for the
                  | Orb.
     0 | D:1      | Reached XP level 1. HP: 19/19 MP: 0/0
    36 | D:1      | HP: 1/30 [kobold (3)]
    38 | D:1      | Reached skill level 4 in Fighting
    39 | D:1      | Reached XP level 2. HP: 2/27 MP: 1/1
    65 | D:1      | Slain by a quokka

Illustrated notes

Levels and vault maps discovered:
D:1:      minmay_arrival_wavy_path, layout_basic, minmay_octomino_j4

Skill      XL: |  1 |
---------------+----+-----
Fighting       | 4 |  4.0
Axes           | |  3.8
Armour         | |  2.5
Dodging        | |  2.2
Stealth        | |  0.2

Action                   || total
-------------------------++-------
Melee: Hand axe          ||    14
       Headbutt          ||     3
Invok: Berserk           ||     1
Armor: Animal skin       ||     4
Dodge: Dodged            ||    10

Table legend: (Time is in decaauts)
 A = Elapsed time spent in this place.
 B = Non-inter-level travel time spent in this place.
 C = Inter-level travel time spent in this place.
 D = Time resting spent in this place.
 E = Time spent auto-exploring this place.
 F = Levels seen in this place.
 G = Mean time per level.
                   A        B        C        D        E       F      G
               +--------+--------+--------+--------+--------+-----+--------+
         Total |     71 |     71 |      0 |     16 |     17 |   1 |   71.0 |
       Dungeon |     71 |     71 |      0 |     16 |     17 |   1 |   71.0 |
               +--------+--------+--------+--------+--------+-----+--------+

Top non-repeatable levels by time:
     D:1: 71 daAuts
